 Dungeon Sprint DCSS version 0.22-a0-358-g7563fe7 (webtiles) character file.

156 KristoblXynda the Carver (level 5, 41/41 HPs)
             Began as a Draconian Gladiator on Apr 18, 2018.
             Was an Initiate of Dithmenos.
             Got out of the dungeon alive.
             The game lasted 00:00:53 (215 turns).

KristoblXynda the Carver (Draconian Gladiator)       Turns: 215, Time: 00:00:54

Health: 41/41      AC:  5    Str: 18    XL:     5   Next: 14%
Magic:  5/5        EV: 15    Int:  8    God:    Dithmenos [......]
Gold:   0          SH:  0    Dex: 12    Spells: 4/4 levels left

rFire    . . .     SeeInvis .   a - +0 long sword
rCold    . . .     Gourm    .   (no shield)
rNeg     . . .     Faith    .   (armour unavailable)
rPois    .         Spirit   .   b - +0 hat
rElec    .         Reflect  .   (no cloak)
rCorr    .         Harm     .   (no gloves)
MR       .....     NoTele   +   (no boots)
Stlth    +.........             (no amulet)
HPRegen  0.13/turn              (no ring)
MPRegen  0.09/turn              (no ring)

@: no status effects
A: unfitting armour, cold-blooded, AC +5
a: Renounce Religion


You escaped.
You worshipped Dithmenos.
Dithmenos was noncommittal.
You were not hungry.

You visited 1 branch

Inventory:

Hand Weapons
 a - a +0 long sword (weapon)
Missiles
 c - 3 throwing nets (quivered)
Armour
 b - a +0 hat (worn)
Wands
 m - a wand of acid (10)
Scrolls
 j - 2 scrolls of blinking
 k - 3 scrolls of remove curse
 l - 2 scrolls of amnesia
Potions
 e - 5 potions of curing
 f - a potion of invisibility
 g - 2 potions of heal wounds
 h - 4 potions of magic
 i - a potion of berserk rage
Comestibles
 d - a ration


   Skills:
 - Level 2.1 Fighting
 * Level 9.0 Long Blades
 - Level 2.2 Throwing
 + Level 6.0 Dodging


You had 4 spell levels left.
You didn't know any spells.

Dungeon Overview and Level Annotations

Branches:
Dungeon (1/1)

Altars:
Cheibriados
Dithmenos
Elyvilon
Fedhas
Gozag
Hepliaklqana
Kikubaaqudgha
Makhleb
Nemelex Xobeh
Okawaru
Qazlal
Ru
Sif Muna
Trog
Uskayaw
Vehumet
Wu Jian
Xom
Yredelemnul
Zin
The Shining One
Beogh
Jiyva
Lugonu


Innate Abilities, Weirdness & Mutations

Your plain brown scales are hard. (AC +5)
You cannot fit into any form of body armour.
You are cold-blooded and may be slowed by cold attacks.


Message History

There is a viscous altar of Jiyva here.
There is a hazy altar of Hepliaklqana here.
There is an opulent altar of Gozag here.
There is a blossoming altar of Fedhas here.
There is a white marble altar of Elyvilon here.
There is a shadowy altar of Dithmenos here.
There is a snail-covered altar of Cheibriados here.
There is a roughly hewn altar of Beogh here.
There is an open door to the Temple here.
You see here an adder corpse.
There is an open door here.
Items here: ) ††† a club; a rat corpse x2; a hobgoblin corpse
There is an open door to the Dungeon, spattered with blood here.
There is a staircase leading out of the dungeon here.
Are you sure you want to leave the Dungeon?
This will make you lose the game!
Alright, then stay!
Unknown command.
Are you sure you want to leave the Dungeon?
This will make you lose the game!
You have escaped!

▓.▓
▓.▓
▓.▓
▓)▓
▓'▓
▓.▓
▓.▓
▓.▓
▓@▓
▓▓▓


There were no monsters in sight!

Vanquished Creatures
  A phantom (D)
  A quasit (D)
  An iguana (D)
  An adder (D)
  A hobgoblin (D)
  A jackal (D)
  A bat (D)
  A quokka skeleton (D)
  2 rats (D)
10 creatures vanquished.

Notes
Turn   | Place    | Note
-------+----------+-------------------------------------------
     0 | D        | KristoblXynda the Draconian Gladiator began the quest for the Orb.
     0 | D        | Reached XP level 1. HP: 17/17 MP: 1/1
    90 | D        | Noticed an iguana
    90 | D        | Noticed a phantom
    90 | D        | Noticed a quasit
    96 | D        | Killed a quasit
    96 | D        | Reached skill level 5 in Long Blades
    96 | D        | Reached XP level 2. HP: 21/24 MP: 2/2
    96 | D        | Reached XP level 3. HP: 25/29 MP: 3/3
   102 | D        | Reached skill level 6 in Long Blades
   107 | D        | HP: 1/29 [iguana (11)]
   113 | D        | Reached skill level 7 in Long Blades
   113 | D        | Reached XP level 4. HP: 29/36 MP: 4/4
   126 | D        | Killed a phantom
   126 | D        | Reached skill level 9 in Long Blades
   126 | D        | Reached XP level 5. HP: 34/41 MP: 5/5
   133 | D        | Found a roughly hewn altar of Beogh.
   133 | D        | Found a snail-covered altar of Cheibriados.
   133 | D        | Found a shadowy altar of Dithmenos.
   133 | D        | Found a white marble altar of Elyvilon.
   133 | D        | Found a blossoming altar of Fedhas.
   133 | D        | Found an opulent altar of Gozag.
   134 | D        | Found a hazy altar of Hepliaklqana.
   135 | D        | Found a viscous altar of Jiyva.
   136 | D        | Found an ancient bone altar of Kikubaaqudgha.
   137 | D        | Found a corrupted altar of Lugonu.
   138 | D        | Became a worshipper of Dithmenos the Shadowed
   139 | D        | Found a burning altar of Makhleb.
   140 | D        | Found a sparkling altar of Nemelex Xobeh.
   141 | D        | Found an iron altar of Okawaru.
   142 | D        | Found a stormy altar of Qazlal.
   143 | D        | Found a sacrificial altar of Ru.
   144 | D        | Found a deep blue altar of Sif Muna.
   145 | D        | Found a bloodstained altar of Trog.
   146 | D        | Found a hide-covered altar of Uskayaw.
   147 | D        | Found a radiant altar of Vehumet.
   148 | D        | Found an ornate altar of the Wu Jian Council.
   149 | D        | Found a shimmering altar of Xom.
   150 | D        | Found a basalt altar of Yredelemnul.
   151 | D        | Found a glowing silver altar of Zin.
   152 | D        | Found a glowing golden altar of the Shining One.
   215 | D        | Got out of the dungeon alive.

Vault maps used:
D:        linesprint

Skill      XL: |  1  2  3  4 |
---------------+-------------+-----
Throwing       | 2 |  2.2
Dodging        | 4 6 |  6.0
Long Blades    | 5 7 9 |  9.0
Fighting       | |  2.1

Action                   |  1- 3 |  4- 6 || total
-------------------------+-------+-------++-------
Melee: Long sword        |    29 |     7 ||    36
       Tailslap          |       |     1 ||     1
  Use: Potion            |     2 |       ||     2
Armor: Skin              |     9 |       ||     9
Dodge: Dodged            |    26 |     2 ||    28
       Rpst.: Long sword |     6 |     2 ||     8

Table legend:
 A = Spawn XP
 B = Non-spawn XP
 C = Spawn XP percentage of total XP
 D = Spawn monster count
 E = Non-spawn monster count
 F = Spawn count percentage of total count
 G = Total turns spent on level
                    A         B        C        D         E        F      G
               +---------+---------+-------+---------+---------+-------+---------
         Total |       0 |     223 |   0.0 |       0 |      10 |   0.0 |   215
               +---------+---------+-------+---------+---------+-------+---------
             D |       0 |     223 |   0.0 |       0 |      10 |   0.0 |   215
               +---------+---------+-------+---------+---------+-------+---------
